 Dungeon Crawl Stone Soup version 0.28-a0-1594-ga885d4b3d6 (webtiles) character file.

Game seed: 3103661767782666535

173 psuckher the Sneak (level 5, -5/34 (38) HPs)
             Began as a Demonspawn Brigand on Jan 20, 2022.
             Was an Initiate of Gozag.
             Killed from afar by Blork the orc (10 damage)
             ... with a magic dart
             ... on level 4 of the Dungeon.
             The game lasted 00:14:17 (2999 turns).

psuckher the Sneak (Demonspawn Brigand)             Turns: 2999, Time: 00:14:18

HP:   -5/34 (38)    AC:  6    Str: 11    XL:     5   Next: 28%
MP:   5/5           EV: 12    Int: 12    God:    Gozag
Gold: 257           SH:  0    Dex: 19    Spells: 4/4 levels left

rFire   . . .      SeeInvis .   a - +3 dagger
rCold   . . .      Faith    .   (no shield)
rNeg    . . .      Spirit   .   b - +0 robe
rPois   .          Reflect  .   (no helmet)
rElec   .          Harm     .   c - +0 cloak
rCorr   .          Rampage  .   o - +2 pair of gloves
Will    .....                   (no boots)
Stlth   ++++......              (no amulet)
HPRegen 0.11/turn               (no ring)
MPRegen 0.09/turn               (no ring)

@: heavily drained
A: thin skeletal structure 1, ignite blood 1, spiny 2
a: Renounce Religion, Potion Petition, Call Merchant, Bribe Branch


You were on level 4 of the Dungeon.
You worshipped Gozag.
Gozag was aware of your devotion.
You visited 1 branch of the dungeon, and saw 4 of its levels.

You collected 263 gold pieces.
You paid 6 gold pieces to Gozag.

Inventory:

Hand Weapons
 a - a +3 dagger (weapon)
Missiles
 d - 6 poisoned darts (quivered)
Armour
 b - a +0 robe (worn)
 c - a +0 cloak (worn)
 o - a +2 pair of gloves (worn)
Magical Staves
 m - a staff of earth
Jewellery
 g - a ring of magical power
Scrolls
 k - a scroll of amnesia
 q - a scroll of noise
 r - a scroll of fog {unknown}
Potions
 h - 3 potions of heal wounds
 j - 3 potions of curing {unknown}


   Skills:
 + Level 2.2 Fighting
 + Level 2.5 Short Blades
 * Level 2.4 Throwing
 * Level 1.4 Dodging
 * Level 5.3 Stealth


You had 4 spell levels left.
You didn't know any spells.
Your spell library contained the following spells:

 Spells                   Type           Power      Damage    Failure   Level
 Ignite Poison            Fire/Tmut/Pois 0%         N/A       69%         3
 Mephitic Cloud           Conj/Pois/Air  0%         N/A       69%         3
 Freezing Cloud           Conj/Ice/Air   0%         6-21      100%        5


Dungeon Overview and Level Annotations

Branches:
Dungeon (4/15)
 Temple: D:4-7

Altars:
Gozag
Makhleb
Vehumet

Shops:
D:1 =

Annotations:
D:4 Blork the orc


Innate Abilities, Weirdness & Mutations

You have a somewhat thin skeletal structure. (Dex +2, Stealth+)
Your demonic aura sometimes causes spilled blood to erupt in flames.
You are mostly covered in sharp spines.


Message History

You feel drained.
You closely miss Blork the orc.
Blork the orc is moderately wounded.
Blork the orc casts a cantrip, but nothing happens.
You barely miss Blork the orc.
Blork the orc is moderately wounded.
Blork the orc closely misses you.
You hit Blork the orc but do no damage.
Blork the orc is moderately wounded.
Blork the orc is struck by your spines. Blork the orc closely misses you.
You barely miss Blork the orc.
Blork the orc is heavily wounded.
Blork the orc closely misses you.
You hit Blork the orc but do no damage.
Blork the orc is heavily wounded.
Blork the orc barely misses you.
You barely miss Blork the orc.
Blork the orc is heavily wounded.
Blork the orc hits you with a +1 battleaxe of draining!
You feel drained.
You hit Blork the orc but do no damage.
Blork the orc is heavily wounded.
Throw: 7 darts (poison)
Press: ? - help, Q - select action, (/) - cycle Shift-Dir - straight line You throw a poisoned dart.
The poisoned dart hits Blork the orc.
Blork the orc looks even sicker.
Blork the orc is heavily wounded.
Blork the orc is struck by your spines. Blork the orc closely misses you.
Blork the orc casts a spell.
Blork the orc seems to speed up.
Blork the orc points at you and mumbles some strange words.
The puff of flame hits you.
* * * LOW HITPOINT WARNING * * *
Blork the orc points at you and mumbles some strange words.
The puff of flame hits you.
* * * LOW HITPOINT WARNING * * *
Blork the orc gestures at you while chanting.
The magic dart hits you!
You die...
Your body crumbles into a pile of gold.

.K...,* #.# *.#
#...###### ......*
#.###.# **#...(...
......* #.#...*
#..>.... ......#*
#...#** #.......
.....K.###..#*
########.......
.!.......(.#*
###..............
..<..)...#K#
#<..######.......
*#.......#(#
###.### #.......
#.......#.####.@.#
########
##.....##...Ko.###
*#.....#########
#.......#
#.......#
#.......#
##...?.## ##...##
####*


You could see Blork the orc (fast, poisoned) and a kobold.

Vanquished Creatures
  A hound (D:4)
  A centaur skeleton (D:4)
  4 adders
  An adder skeleton (D:3)
  3 worms
  3 dart slugs
  5 ball pythons
  7 endoplasms
  7 giant cockroaches
  3 goblins
  6 hobgoblins
  A jackal (D:3)
  2 kobolds
  A quokka (D:2)
  8 bats
  2 frilled lizards
  7 rats
62 creatures vanquished.

Vanquished Creatures (collateral kills)
  A kobold (D:4)
1 creature vanquished.

Grand Total: 63 creatures vanquished

Notes
Turn   | Place    | Note
-------+----------+-------------------------------------------
     0 | D:1      | psuckher the Demonspawn Brigand began the quest for the
                  | Orb.
     0 | D:1      | Reached XP level 1. HP: 16/16 MP: 1/1
   331 | D:1      | Gained mutation: You have a somewhat thin skeletal
                  | structure. (Dex +2, Stealth+) [demonic ancestry]
   331 | D:1      | Reached XP level 2. HP: 21/22 MP: 2/2
   455 | D:1      | Found Maitomu's Jewellery Shoppe.
   471 | D:1      | Reached skill level 4 in Stealth
   809 | D:2      | Gained mutation: You are partially covered in sharp spines.
                  | [demonic ancestry]
   809 | D:2      | Reached XP level 3. HP: 17/27 MP: 3/3
   823 | D:2      | Reached skill level 1 in Dodging
  1567 | D:2      | Found an opulent altar of Gozag.
  1573 | D:2      | Became a worshipper of Gozag Ym Sagoz the Greedy
  1956 | D:3      | Found a faded altar of an unknown god.
  2096 | D:3      | Found a burning altar of Makhleb.
  2164 | D:3      | Gained mutation: Your demonic aura sometimes causes spilled
                  | blood to erupt in flames. [demonic ancestry]
  2164 | D:3      | Reached XP level 4. HP: 33/33 MP: 4/4
  2560 | D:3      | Found a radiant altar of Vehumet.
  2892 | D:4      | Noticed a yak
  2895 | D:4      | Noticed a yak
  2896 | D:4      | Noticed a yak
  2933 | D:4      | Reached skill level 5 in Stealth
  2933 | D:4      | Gained mutation: You are mostly covered in sharp spines.
                  | [demonic ancestry]
  2933 | D:4      | Reached XP level 5. HP: 38/38 MP: 5/5
  2966 | D:4      | Noticed Blork the orc
  2999 | D:4      | Killed from afar by Blork the orc

Illustrated notes

Levels and vault maps discovered:
D:1:      wander_arrival_desolate, layout_basic, serial_shops,
          nicolae_shop_competitors_out_of_business
D:2:      layout_basic, kennysheep_flooded_box
D:3:      minmay_razor_zed, layout_basic, mainiacjoe_overflow_tiny_flanked,
          vehumet_crystals, hellmonk_ecumenical_altar_inner_sanctum
D:4:      layout_rooms, nicolae_wu_jian_immortal_techniques,
          small_statue_intersection, uniq_natasha, uniq_blork_the_orc,
          uniq_crazy_yiuf_cottage

Skill      XL: |  1  2  3  4 |
---------------+-------------+-----
Throwing       | 2 |  2.4
Stealth        | 4 5 |  5.3
Short Blades   | 2 |  2.5
Dodging        | 1 |  1.4
Fighting       | |  2.2

Action                   |  1- 3 |  4- 6 || total
-------------------------+-------+-------++-------
Melee: Dagger            |   105 |    58 ||   163
       Punch             |     1 |     1 ||     2
Throw: Dart              |     3 |     8 ||    11
  Use: Potion            |     1 |       ||     1
       Scroll            |       |     7 ||     7
 Stab: Sleeping          |    13 |     5 ||    18
Armor: Robe              |    32 |    12 ||    44
Dodge: Dodged            |    45 |    35 ||    80

Table legend: (Time is in decaauts)
 A = Elapsed time spent in this place.
 B = Non-inter-level travel time spent in this place.
 C = Inter-level travel time spent in this place.
 D = Time resting spent in this place.
 E = Time spent auto-exploring this place.
 F = Levels seen in this place.
 G = Mean time per level.
                   A        B        C        D        E       F      G
               +--------+--------+--------+--------+--------+-----+--------+
         Total |   2980 |   2536 |    444 |      0 |      0 |   4 |  745.0 |
       Dungeon |   2980 |   2536 |    444 |      0 |      0 |   4 |  745.0 |
               +--------+--------+--------+--------+--------+-----+--------+

Top non-repeatable levels by time:
     D:2: 1204 daAuts
     D:3: 1029 daAuts
     D:1: 617 daAuts
     D:4: 128 daAuts
